 Dungeon Crawl Stone Soup version 0.27-a0-860-gaf99fae3ca (webtiles) character file.

Game seed: 13436616771436630406

178 rageheart7 the Skirmisher (level 5, -2/61 HPs)
             Began as an Ogre Berserker on Apr 1, 2021.
             Was a Believer of Trog.
             Slain by an adder (3 damage)
             ... on level 2 of the Dungeon.
             The game lasted 00:03:01 (2846 turns).

rageheart7 the Skirmisher (Ogre Berserker)          Turns: 2846, Time: 00:03:01

Health: -2/61      AC:  4    Str: 22    XL:     5   Next: 58%
Magic:  5/5        EV: 10    Int:  8    God:    Trog [**....]
Gold:   117        SH:  0    Dex:  8    Spells: 4/4 levels left

rFire    . . .     SeeInvis .   a - +0 mace
rCold    . . .     Faith    .   (no shield)
rNeg     . . .     Spirit   .   b - +1 animal skin
rPois    .         Reflect  .   (helmet restricted)
rElec    .         Harm     .   (no cloak)
rCorr    .         Rampage  .   (gloves unavailable)
Will     .....                  (boots unavailable)
Stlth    +.........             (no amulet)
HPRegen  0.20/turn              (no ring)
MPRegen  0.09/turn              (no ring)

@: lethally poisoned (-2 -> -6), berserk cooldown, flying, slowed, very slow
A: large, unfitting armour, tough skin 1
a: Renounce Religion, Berserk, Trog's Hand


You were on level 2 of the Dungeon.
You worshipped Trog.
Trog was pleased with you.
You visited 1 branch of the dungeon, and saw 3 of its levels.

You collected 117 gold pieces.

Inventory:

Hand Weapons
 a - a +0 mace (weapon)
Missiles
 h - 2 large rocks
Armour
 b - a +1 animal skin (worn)
Scrolls
 f - 3 scrolls of amnesia
Potions
 g - a potion of attraction


   Skills:
 * Level 6.3 Fighting
 * Level 4.3 Maces & Flails
 - Level 2.6 Dodging


You had 4 spell levels left.
You didn't know any spells.
Your spell library was empty.

Dungeon Overview and Level Annotations

Branches:
Dungeon (3/15)

Altars:

Annotations:
D:2 Natasha
D:3 3 runed translucent doors, adamnant's ghost, weakling FoFi


Innate Abilities, Weirdness & Mutations

You are too large for most types of armour.
You have tough skin. (AC +1)


Message History

The bullfrog hits you but does no damage.
The adder closely misses you. The bullfrog barely misses you.
The bullfrog hits you. x2
There is a stone staircase leading up, spattered with blood here.
Your skin stops crawling.
You feel less strong-willed. The adder barely misses you.
The bullfrog barely misses you. The adder barely misses you.
The bullfrog hits you.
* * * LOW HITPOINT WARNING * * *
You climb upwards.
There is a stone staircase leading down here.
You feel better. The adder bites you. The bullfrog hits you.
The adder bites you. The bullfrog hits you.
* * * LOW HITPOINT WARNING * * *
You feel better. The adder closely misses you. The bullfrog barely misses you.
The adder bites you but does no damage. The bullfrog hits you.
* * * LOW HITPOINT WARNING * * *
It was a potion of flight.
You feel very buoyant.
You fly up into the air.
The bullfrog closely misses you. The adder bites you.
* * * LOW HITPOINT WARNING * * *
You are poisoned.
The adder poisons you! The bullfrog hits you.
* * * LOW HITPOINT WARNING * * *
The adder completely misses you.
Natasha, Servant of Life and Death comes into view.
The bullfrog completely misses you.
You closely miss the bullfrog.
The bullfrog is lightly wounded.
You feel sick.
Natasha hisses angrily.
The adder bites you.
* * * LOW HITPOINT WARNING * * *
Natasha mumbles some strange words.
The bullfrog hits you.
* * * LOW HITPOINT WARNING * * *
The adder closely misses you. The bullfrog hits you.
* * * LOW HITPOINT WARNING * * *
The adder bites you.
You die...

####### ##### #.S@F.#
######...#####h###.###########
#......#.......# #...........#
#<####...#####.###.#########.#
#.# ##.##.........# ##.####
#.# #.##)#####.#.# #....<. #.#
#.##)# #.#.########..#### #.#
###.##.# #.#...........####
#.###......#
#.##########.....#


You could see a bullfrog, Natasha and an adder.

Vanquished Creatures
  Terence (D:2)
  Natasha (twice) (D:2)
  An orc wizard (D:2)
  An adder (D:2)
  2 dart slugs
  3 orcs (D:3)
  6 ball pythons
  3 endoplasms
  A giant cockroach (D:2)
  7 goblins
  3 hobgoblins
  4 jackals (D:1)
  12 kobolds
  2 quokkas
  8 bats
  A frilled lizard (D:2)
  6 rats
63 creatures vanquished.

Notes
Turn   | Place    | Note
-------+----------+-------------------------------------------
     0 | D:1      | rageheart7 the Ogre Berserker began the quest for the Orb.
     0 | D:1      | Reached XP level 1. HP: 24/24 MP: 1/1
   323 | D:1      | Reached XP level 2. HP: 25/33 MP: 2/2
   766 | D:1      | Reached XP level 3. HP: 22/40 MP: 3/3
  1204 | D:1      | Found a faded altar of an unknown god.
  1336 | D:2      | Reached skill level 5 in Fighting
  1351 | D:2      | Reached XP level 4. HP: 37/50 MP: 4/4
  1352 | D:2      | Reached ** piety under Trog
  2176 | D:2      | Noticed Terence
  2182 | D:2      | Killed Terence
  2189 | D:2      | Noticed Natasha
  2196 | D:2      | Killed Natasha
  2197 | D:2      | Reached skill level 6 in Fighting
  2197 | D:2      | Reached XP level 5. HP: 21/59 MP: 5/5
  2514 | D:2      | Noticed Natasha
  2523 | D:2      | Killed Natasha
  2815 | D:3      | Found a runed translucent gate.
  2815 | D:3      | Found a runed translucent gate.
  2815 | D:3      | Found a runed translucent gate.
  2815 | D:3      | Noticed adamnant's ghost (weakling FoFi)
  2825 | D:3      | Noticed a kobold brigand
  2845 | D:2      | Noticed Natasha
  2846 | D:2      | HP: 1/61 [bullfrog (5)]
  2846 | D:2      | Slain by an adder

Illustrated notes

Levels and vault maps discovered:
D:1:      ncdulo_watergridlock, layout_loops_ring,
          ebering_ecumenical_altar_abandoned, ebering_dispersal_statue_hall,
          st_stairs_14
D:2:      minmay_razor_zed, layout_loops_ring, uniq_natasha, uniq_terence
D:3:      layout_rooms, gammafunk_ghost_split, minivault_5

Skill      XL: |  1  2  3  4 |
---------------+-------------+-----
Maces & Flails | 3 4 |  4.3
Fighting       | 5 6 |  6.3
Dodging        | |  2.6

Action                   |  1- 3 |  4- 6 || total
-------------------------+-------+-------++-------
Melee: Mace              |   115 |    78 ||   193
Invok: Berserk           |     1 |     3 ||     4
       Trog's Hand       |       |     2 ||     2
  Use: Scroll            |     4 |     2 ||     6
       Potion            |       |     3 ||     3
Armor: Animal skin       |    54 |    21 ||    75
Dodge: Dodged            |    77 |    37 ||   114

Table legend: (Time is in decaauts)
 A = Elapsed time spent in this place.
 B = Non-inter-level travel time spent in this place.
 C = Inter-level travel time spent in this place.
 D = Time resting spent in this place.
 E = Time spent auto-exploring this place.
 F = Levels seen in this place.
 G = Mean time per level.
                   A        B        C        D        E       F      G
               +--------+--------+--------+--------+--------+-----+--------+
         Total |   2922 |   2845 |     77 |      4 |   2397 |   3 |  974.0 |
       Dungeon |   2922 |   2845 |     77 |      4 |   2397 |   3 |  974.0 |
               +--------+--------+--------+--------+--------+-----+--------+

Top non-repeatable levels by time:
     D:2: 1536 daAuts
     D:1: 1348 daAuts
     D:3: 37 daAuts
